 Dungeon Crawl Stone Soup version 0.22-a0-750-ga7dcef7 (webtiles) character file.

526 Amnesiac the Digger (level 7, 41/46 HPs)
             Began as a Demonspawn Earth Elementalist on July 16, 2018.
             Quit the game on level 5 of the Dungeon.
             The game lasted 00:04:08 (3017 turns).

Amnesiac the Digger (Demonspawn Earth Elementalist) Turns: 3017, Time: 00:04:09

Health: 41/46      AC: 11    Str:  9    XL:     7   Next: 2%
Magic:  13/13      EV: 12    Int: 18    God:
Gold:   180        SH:  0    Dex: 13    Spells: 11/14 levels left

rFire    . . .     SeeInvis +   k - +1 flail (protect)
rCold    . . .     Gourm    .   (no shield)
rNeg     . . .     Faith    .   c - +0 robe
rPois    .         Spirit   .   (no helmet)
rElec    .         Reflect  .   (no cloak)
rCorr    .         Harm     .   (no gloves)
MR       .....                  (no boots)
Stlth    ++........             (no amulet)
HPRegen  0.15/turn              n - ring of see invisible
MPRegen  0.13/turn              (no ring)

@: protection aura
A: hooves 1, iridescent scales 1, demonic guardian 2
a: no special abilities


You were on level 5 of the Dungeon.
You were not hungry.

You visited 2 branches of the dungeon, and saw 6 of its levels.

You collected 180 gold pieces.

Inventory:

Hand Weapons
 f - a +1 dagger of chaos
 k - a +1 flail of protection (weapon)
 s - a +0 spear of freezing
Missiles
 b - 96 stones (quivered)
Armour
 c - a +0 robe (worn)
Jewellery
 n - a ring of see invisible (left hand)
Scrolls
 e - 2 scrolls of blinking {!r, unknown}
 g - 3 scrolls of identify {!r, unknown}
 h - a scroll of teleportation {!r, unknown}
 j - 2 scrolls of fog {!r, unknown}
 q - a scroll of enchant weapon {!r, unknown}
 r - a scroll of amnesia {!r, unknown}
Potions
 a - a potion of resistance {!q, unknown}
 i - 4 potions of curing {!q, unknown}
 l - a potion of might {!q, unknown}
 m - 2 potions of magic {!q, unknown}
 p - a potion of brilliance {!q, unknown}
 t - a potion of flight {!q, unknown}
Comestibles
 d - 9 rations


   Skills:
 - Level 1.7 Dodging
 - Level 1.7 Stealth
 + Level 4.3 Spellcasting
 - Level 0.8 Transmutations
 * Level 6.1 Earth Magic


You had 11 spell levels left.
You knew the following spells:

 Your Spells              Type           Power        Failure   Level  Hunger
a - Sandblast             Erth           ####..       1%          1    None
b - Passwall              Tmut/Erth      ###.....     4%          2    ##.....

Your spell library contained the following spells:

 Spells                   Type           Power        Failure   Level  Hunger
 Apportation              Tloc           #.....       14%         1    None
 Confuse                  Hex            #.......     38%         3    ###....
 Summon Small Mammal      Summ           #...         14%         1    None
 Animate Skeleton         Necr           N/A          14%         1    None
 Summon Ice Beast         Ice/Summ       #.......     80%         4    ####...
 Call Imp                 Summ           #.......     22%         2    ##.....
 Stone Arrow              Conj/Erth      ###...       12%         3    ###....
 Confusing Touch          Hex            #.....       14%         1    None
 Call Canine Familiar     Summ           #.......     38%         3    ###....
 Metabolic Englaciation   Hex/Ice        #.........   98%         5    ######.
 Lee's Rapid Deconstruct  Erth           ####......   30%         5    ######.
 Petrify                  Tmut/Erth      ###.....     32%         4    ####...
 Summon Lightning Spire   Summ/Air       #.......     80%         4    ####...
 Summon Guardian Golem    Hex/Summ       #.......     38%         3    ###....
 Gell's Gravitas          Tloc           #.........   38%         3    ###....
 Yara's Violent Unravell  Hex/Tmut       #.........   97%         5    ######.


Dungeon Overview and Level Annotations

Branches:
Dungeon (5/15)             Temple (1/1) D:4

Altars:
Cheibriados
Hepliaklqana
Makhleb
Ru
Uskayaw
Vehumet
Wu Jian
Xom
Yredelemnul
Zin


Innate Abilities, Weirdness & Mutations

You have large cloven feet.
You are partially covered in iridescent scales. (AC +2)
A demonic guardian rushes to your aid.


Message History

There is a stone staircase leading up here.
There is a stone staircase leading down here.
You climb downwards.
Found a puce potion.
There is a stone staircase leading up here.
No target in view!
m - 2 puce potions {!q} (gained 1)
Found a stone staircase leading up and a stone staircase leading down.
No target in view!
A giant cockroach zombie comes into view.
A giant cockroach zombie is nearby!
A scorpion comes into view.
There are monsters nearby!
Found a stone staircase leading down.
You hit the scorpion.
Your weapon exudes an aura of protection.
The scorpion is moderately wounded.
The scorpion stings you but does no damage.
You hit the scorpion.
The scorpion is moderately wounded.
The scorpion barely misses you.
You closely miss the scorpion.
The scorpion is moderately wounded.
The scorpion stings you but does no damage.
The giant cockroach zombie bites you but does no damage.
The scorpion barely misses you.
The giant cockroach zombie barely misses you.
You closely miss the scorpion.
The scorpion is moderately wounded.
The scorpion stings you but does no damage.
The giant cockroach zombie bites you but does no damage.
You barely miss the scorpion.
The scorpion is moderately wounded.
The scorpion completely misses you.
You hit the scorpion.
Your weapon exudes an aura of protection.
The scorpion is severely wounded.
The scorpion barely misses you. The giant cockroach zombie misses you.
The scorpion stings you. The giant cockroach zombie misses you.
You hit the scorpion.
The scorpion is almost dead.
The scorpion stings you.
The giant cockroach zombie bites you but does no damage.
You barely miss the scorpion.
The scorpion is almost dead.
The scorpion barely misses you.
The giant cockroach zombie closely misses you.
The scorpion stings you but does no damage.
The giant cockroach zombie bites you but does no damage.
You hit the scorpion.
The scorpion is almost dead.
The scorpion stings you but does no damage.
The giant cockroach zombie barely misses you.
You sock the scorpion!
You kill the scorpion!
You have reached level 7!
Your demonic ancestry asserts itself...
Your feet thicken and deform.
The giant cockroach zombie bites you but does no damage.
You sock the giant cockroach zombie!
You destroy the giant cockroach zombie!
No target in view!
No target in view!
Are you sure you want to abandon this character and quit the game? (Confirm with "yes".)

.................
#...............
#...............
#...............
#..............
#..............
#.....>.......#
##...†##.....##
#...@# ######
#....# #....#
#....# #####....#
#........###
###<...#...#####
.
##.####......#..
#.## #.........


There were no monsters in sight!

Vanquished Creatures
  A scorpion (D:5)
  4 crimson imps (D:4)
  2 hounds (D:4)
  3 orc priests (D:4)
  A worker ant (D:4)
  An orc wizard (D:4)
  2 gnolls
  4 adders
  An ooze (D:4)
  4 dart slugs
  A worm (D:4)
  2 leopard geckos
  9 orcs (D:4)
  2 bats
  5 giant cockroaches
  6 goblins
  A hobgoblin (D:3)
  11 jackals
  2 quokkas (D:2)
  A ball python (D:4)
  6 frilled lizards
  A giant cockroach zombie (D:5)
  4 kobolds
  6 rats
80 creatures vanquished.

Vanquished Creatures (collateral kills)
  A worker ant (D:4)
1 creature vanquished.

Grand Total: 81 creatures vanquished

Notes
Turn   | Place    | Note
-------+----------+-------------------------------------------
     0 | D:1      | Amnesiac the Demonspawn Earth Elementalist began the quest for the Orb.
     0 | D:1      | Reached XP level 1. HP: 13/13 MP: 3/3
    74 | D:1      | Reached skill level 3 in Earth Magic
   130 | D:1      | Gained mutation: You are partially covered in iridescent scales. (AC +2) [demonic ancestry]
   130 | D:1      | Reached XP level 2. HP: 19/19 MP: 1/5
   379 | D:3      | Gained mutation: A weak demonic guardian rushes to your aid. [demonic ancestry]
   379 | D:3      | Reached XP level 3. HP: 15/24 MP: 3/6
   507 | D:3      | Learned a level 2 spell: Passwall
   613 | D:4      | Found a staircase to the Ecumenical Temple.
   640 | Temple   | Entered the Ecumenical Temple
   852 | D:4      | Reached skill level 4 in Earth Magic
   855 | D:4      | Reached XP level 4. HP: 30/30 MP: 1/8
  1023 | D:4      | Gained mutation: A demonic guardian rushes to your aid. [demonic ancestry]
  1023 | D:4      | Reached XP level 5. HP: 35/35 MP: 4/9
  1339 | D:4      | Reached skill level 5 in Earth Magic
  1546 | D:4      | Found a shimmering altar of Xom.
  1554 | D:4      | Reached XP level 6. HP: 41/41 MP: 4/11
  2480 | D:2      | Reached skill level 6 in Earth Magic
  2970 | D:5      | Entered Level 5 of the Dungeon
  3015 | D:5      | Gained mutation: You have large cloven feet. [demonic ancestry]
  3015 | D:5      | Reached XP level 7. HP: 41/46 MP: 13/13
  3017 | D:5      | Quit the game

Vault maps used:
D:1:      dpeg_arrival_tiny_d, nicolae_ashenzari_panopticon
D:4:      temple_pool_b, led_xom_imps
D:5:      elyvilon_altar_4, chequers_temple_overflow_statue_of_worship,
          first_ration, kennysheep_generic_room_16
Temple:   nicolae_temple_figure_zero

Skill      XL: |  1  2  3  4  5  6 |
---------------+-------------------+-----
Earth Magic    | 3 4 5 6 |  6.1
Spellcasting   | 3 4 |  4.3
Dodging        | |  1.7
Stealth        | |  1.7
Transmutations | |  0.8

Action                   |  1- 3 |  4- 6 |  7- 9 || total
-------------------------+-------+-------+-------++-------
Melee: Unarmed           |    11 |       |       ||    11
       Flail             |    10 |   142 |     1 ||   153
 Cast: Sandblast         |    33 |    42 |       ||    75
 Stab: Sleeping          |       |     4 |       ||     4
  Eat: Chunk             |       |     7 |       ||     7
Armor: Robe              |    10 |    75 |     1 ||    86
Dodge: Dodged            |    28 |   128 |       ||   156

Table legend:
 A = Spawn XP
 B = Non-spawn XP
 C = Spawn XP percentage of total XP
 D = Spawn monster count
 E = Non-spawn monster count
 F = Spawn count percentage of total count
 G = Total turns spent on level
                    A         B        C        D         E        F      G
               +---------+---------+-------+---------+---------+-------+---------
         Total |       0 |     752 |   0.0 |       0 |      81 |   0.0 |  3017
               +---------+---------+-------+---------+---------+-------+---------
           D:1 |       0 |      12 |   0.0 |       0 |       6 |   0.0 |   182
           D:2 |       0 |      44 |   0.0 |       0 |      17 |   0.0 |   865
           D:3 |       0 |      92 |   0.0 |       0 |      28 |   0.0 |   512
           D:4 |       0 |     533 |   0.0 |       0 |      28 |   0.0 |  1293
           D:5 |       0 |      71 |   0.0 |       0 |       2 |   0.0 |    47
               +---------+---------+-------+---------+---------+-------+---------
